AoeStats
← faachun

Four Lakes

508179643Analyzed
1v1 RM · 11d ago on Sep 21, 2026· 78m 2s· 2 players
Game mode
Random Map
Map size
Tiny (2 player)
Population
200
Speed
Normal
Resources
Standard
Victory
Conquest
Starting age
Dark Age
Ending age
Imperial Age
RankedLock teamsTeams togetherTeam positionsShared explorationLock speedFull tech treeHidden civsTurbo modeCheats
Victory
Defeat
🇮🇪 Celts · Ireland
520
+19
🇪🇸 Poles · Spain
583
-19
carts_dare_01
0:39 Loom
11:15 Feudal Age
12:29 Double-Bit Axe
12:33 Fishing Lines
18:21 Horse Collar
22:37 Castle Age
21:30 Forging
21:20 Scale Mail Armor
22:40 Fletching
23:56 Bow Saw
28:38 Gillnets
29:44 Iron Casting
29:25 Chain Mail Armor
29:06 Bodkin Arrow
29:08 Town Watch
29:59 Wheelbarrow
28:49 Pikeman
29:15 Arson
31:35 Padded Archer Armor
31:55 Elite Skirmisher
33:03 Crossbowman
33:56 Stone Mining
34:39 Leather Archer Armor
36:12 Ballistics
39:49 Gold Mining
43:04 Imperial Age
40:36 Town Patrol
40:55 Hand Cart
40:09 Man-at-Arms
40:38 Gambesons
44:07 Halberdier
47:32 Stone Shaft Mining
48:03 Chemistry
46:44 Treadmill Crane
47:15 Masonry
47:33 Shipwright
46:53 Capped Ram
49:16 Siege Ram
50:20 Long Swordsman
51:45 Two-Handed Swordsman
54:16 Plate Mail Armor
57:12 Champion
69:25 Conscription
71:30 Blast Furnace
71:23 Stronghold
75:46 Ring Archer Armor
75:52 Elite Woad Raider
faachun
8:18 Loom
10:31 Feudal Age
12:00 Double-Bit Axe
21:55 Castle Age
22:34 Scale Barding Armor
22:47 Bloodlines
22:38 Husbandry
23:44 Wheelbarrow
22:54 Town Watch
23:39 Horse Collar
26:30 Pikeman
29:38 Szlachta Privileges
30:39 Ballistics
34:16 Hand Cart
34:01 Town Patrol
34:21 Light Cavalry
35:09 Arson
39:18 Imperial Age
38:27 Forging
38:08 Fletching
38:21 Scale Mail Armor
38:42 Chain Barding Armor
38:28 Murder Holes
38:50 Fortified Wall
39:29 Winged Hussar
41:39 Conscription
42:29 Iron Casting
46:03 Chemistry
44:50 Cavalier
50:59 Blast Furnace
55:35 Bodkin Arrow
56:19 Onager
58:38 Elite Obuch
Connection lost

Rejoining the realm…

Still unreachable

The connection could not be restored.

Session expired

The server has moved on; the page needs a fresh start.